Map: Fields of Death

Players

Grumm - Winner!

  • Race: Zerg Zerg
  • League: Gold

Cbon - Winner!

  • Race: Protoss Protoss
  • League: Platinum

Artofwar

  • Race: Zerg Zerg

PlayerOne

  • Race: Terran Terran

VOD

Have the link to the VOD?

Description

Time

  • Played on: Jan. 11, 2016, 1:55 a.m.
  • Length: 15:48
Show
View Real Time Build Order
Export as new Build Order

Grumm Zerg - Winner!

Build Orders: Pool First 

Get SALT Encoding   

  12  0:01  Drone  
  13  0:08  Drone  
  14  0:26  Spawning Pool  
  13  0:34  Overlord  
  13  0:38  Drone  
  14  0:44  Extractor  
  14  0:45  Extractor  
  14  0:46  Drone  
  13  0:52  Drone  
  14  1:00  Drone  
  15  1:10  Drone  
  16  1:15  Queen  
  18  1:46  Hatchery  
  17  1:50  Drone  
  18  2:04  Lair  
  18  2:11  Drone  
  19  2:28  Zergling x6  
  22  2:31  Overlord  
  22  2:39  Overlord  
  22  3:01  Zergling x2  
  22  3:02  Zergling x4  
  25  3:06  Nydus Network  
  25  3:10  Drone x2  
  26  3:14  Queen  
  28  3:37  Zergling x10  
  33  3:46  Drone  
  34  3:55  Zergling x4  
  36  3:59  Nydus Canal  
  36  4:07  Drone x2  
  35  4:40  Overlord x2  
  35  4:42  Drone x3  
  33  4:55  Metabolic Boost  
  33  4:57  Drone  
  33  4:58  Drone  
  33  4:59  Overlord x3  
  34  5:12  Nydus Canal  
  34  5:15  Zergling x2  
  34  5:16  Zergling x10  
  36  5:43  Hydralisk Den  
  36  5:46  Drone x6  
  36  5:47  Drone x3  
  36  5:48  Evolution Chamber  
  43  5:51  Nydus Canal  
  42  6:12  Zergling x2  
  42  6:13  Zergling x10  
  43  6:22  Extractor x2  
  43  6:24  Drone x2  
  43  6:46  Hydralisk x4  
  51  7:12  Overseer  
  51  7:14  Hydralisk  
  51  7:15  Hydralisk x2  
  57  7:26  Hatchery  
  55  7:40  Nydus Canal  
  55  7:44  Zergling x2, Hatchery  
  55  7:45  Zergling x16  
  57  8:24  Nydus Canal  
  57  8:26  Hydralisk  
  58  8:27  Zergling x2  
  58  8:28  Zergling x14  
  66  8:38  Drone x2  
  47  9:14  Hydralisk x3  
  47  9:15  Hydralisk  
  54  9:17  Drone x4  
  54  9:18  Drone x3  
  60  9:30  Queen  
  62  9:39  Nydus Canal  
  62  9:49  Zergling x2  
  62  9:50  Zergling x20  
  74  9:52  Drone  
  74  10:04  Nydus Canal  
  69  10:27  Zergling x4  
  69  10:28  Zergling x26  
  66  11:01  Nydus Canal  
  66  11:03  Zergling x14  
  66  11:04  Zergling x14  
  80  11:10  Extractor  
  79  11:11  Extractor  
  79  11:13  Evolution Chamber  
  79  11:14  Spine Crawler  
  79  11:15  Evolution Chamber, Spine Crawler  
  74  11:28  Zerg Melee Weapons Level 1  
  74  11:37  Hydralisk x7  
  74  11:39  Overlord x3  
  88  11:40  Overlord  
  76  12:22  Zergling x6  
  78  12:23  Zergling x24  
  88  12:39  Hydralisk  
  88  12:40  Hydralisk x6  
  96  12:50  Zergling x8  
  94  12:52  Queen  
  94  12:57  Queen  
  96  13:05  Zerg Missile Weapons Level 1  
  96  13:06  Zerg Ground Armor Level 1, Overlord  
  96  13:07  Overlord  
  96  13:08  Zergling x10  
  98  13:26  Nydus Canal  
  98  13:30  Hydralisk x8  
  114  13:36  Drone x3  
  93  14:25  Infestation Pit  
  91  14:33  Spore Crawler, Hydralisk  
  91  14:34  Hydralisk x10  
  112  15:24  Nydus Canal  
Show
View Real Time Build Order
Export as new Build Order

Cbon Protoss - Winner!

Build Orders:  

Get SALT Encoding   

  12  0:01  Probe (Chrono Boost)  
  13  0:17  Pylon  
  13  0:20  Probe (Chrono Boost)  
  14  0:30  Probe (Chrono Boost)  
  15  0:41  Probe (Chrono Boost)  
  16  0:51  Probe (Chrono Boost)  
  17  1:02  Probe (Chrono Boost)  
  18  1:10  Nexus  
  18  1:22  Gateway  
  18  1:28  Pylon  
  18  1:33  Assimilator  
  18  1:34  Probe (Chrono Boost)  
  19  1:51  Forge  
  19  2:01  Pylon  
  19  2:04  Probe (Chrono Boost)  
  20  2:10  Zealot  
  20  2:15  Probe (Chrono Boost)  
  23  2:19  Cybernetics Core  
  22  2:25  Probe (Chrono Boost), Photon Cannon  
  23  2:33  Probe (Chrono Boost)  
  23  2:36  Probe (Chrono Boost)  
  25  2:44  Assimilator, Probe (Chrono Boost)  
  26  2:47  Pylon  
  26  2:59  Warp Gate (Chrono Boost)  
  26  3:04  Probe  
  26  3:06  Probe  
  28  3:15  Pylon, Probe  
  28  3:18  Probe  
  30  3:25  Probe  
  30  3:27  Assimilator  
  30  3:30  Assimilator, Probe  
  32  3:36  Probe  
  33  3:42  Pylon  
  33  3:43  Probe  
  34  3:49  Robotics Facility  
  34  3:51  Stalker (Chrono Boost)  
  36  4:03  Twilight Council  
  36  4:05  Pylon  
  36  4:10  Probe  
  36  4:11  Probe  
  38  4:20  Probe  
  38  4:23  Probe  
  40  4:31  Probe  
  40  4:36  Probe  
  42  4:40  Mothership Core  
  42  4:43  Dark Shrine  
  44  4:47  Gateway  
  44  4:48  Gateway  
  44  4:50  Protoss Ground Weapons Level 1  
  44  4:57  Warp Prism  
  46  5:01  Probe  
  46  5:05  Probe  
  48  5:13  Probe  
  49  5:15  Probe  
  49  5:18  Gateway  
  50  5:24  Gateway  
  50  5:28  Gateway  
  50  5:31  Probe  
  50  5:33  Probe  
  50  5:34  Pylon  
  52  5:37  Observer  
  52  5:40  Sentry  
  55  5:57  Dark Templar x2  
  55  6:03  Immortal  
  63  6:06  Blink  
  63  6:17  Dark Templar x2  
  67  6:22  Dark Templar  
  69  6:35  Nexus  
  69  6:37  Pylon  
  69  6:42  Pylon  
  69  6:43  Probe  
  69  6:44  Probe  
  69  6:45  Assimilator  
  71  6:48  Assimilator  
  71  6:51  Dark Templar  
  71  6:53  Dark Templar  
  75  6:56  Probe x2  
  75  6:59  Dark Templar  
  79  7:02  Dark Templar  
  79  7:39  Dark Templar  
  79  7:40  Dark Templar x2  
  83  7:46  Dark Templar  
  65  8:53  Photon Cannon x2  
  65  8:54  Photon Cannon  
  65  8:55  Pylon x2, Photon Cannon  
  65  8:57  Pylon, Photon Cannon  
  65  8:59  Photon Cannon  
  65  9:01  Probe, Photon Cannon x2  
  65  9:02  Pylon, Probe x2  
  68  9:03  Pylon  
  68  9:06  Immortal  
  72  9:11  Probe  
  72  9:13  Robotics Facility, Pylon  
  72  9:14  Probe x2  
  72  9:15  Robotics Facility, Pylon x2  
  75  9:18  Protoss Ground Weapons Level 2  
  75  9:22  Probe  
  76  9:25  Dark Templar  
  76  9:26  Probe x2  
  76  9:45  Immortal  
  80  9:56  Stalker  
  80  9:59  Stalker x3  
  88  10:00  Stalker  
  88  10:05  Immortal x2  
  98  10:24  Robotics Bay  
  98  10:27  Gateway x2  
  98  10:36  Nexus, Zealot x3  
  98  10:37  Pylon, Zealot  
  98  10:40  Pylon  
  106  10:51  Assimilator  
  106  10:54  Assimilator  
  106  10:55  Charge  
  106  10:56  Pylon  
  106  11:11  Colossus  
  106  11:12  Colossus  
  106  11:16  Colossus  
  124  11:24  Photon Cannon  
  124  11:29  Photon Cannon  
  124  11:36  Extended Thermal Lance  
  122  11:58  Dark Templar x4  
  122  11:59  Dark Templar x3  
  114  12:21  Dark Templar  
  114  12:36  Colossus x3  
  122  12:42  Probe x2  
  122  12:43  Probe x2  
  132  12:51  Photon Cannon  
  132  12:52  Probe x2  
  132  12:54  Photon Cannon  
  132  12:55  Probe x2  
  132  12:57  Photon Cannon  
  136  13:02  Templar Archives  
  136  13:08  Gateway  
  136  13:18  Zealot x2  
  136  13:19  Zealot  
  142  13:21  Zealot  
  142  13:25  Zealot  
  146  13:34  Dark Templar  
  146  13:35  Dark Templar x2  
  140  13:55  High Templar x5  
  150  14:03  Stargate  
  150  14:06  Gateway  
  150  14:07  Gateway  
  150  14:15  Gateway  
  150  14:16  Dark Templar  
  146  14:20  Gateway  
  146  14:25  Gateway  
  146  14:27  Pylon  
  146  14:28  Dark Templar  
  148  14:32  Dark Templar  
  150  14:42  Pylon, Zealot x5  
  160  14:47  Pylon  
  160  14:54  Nexus  
  160  14:56  Assimilator  
  160  14:58  Archon  
  160  14:59  Archon  
  160  15:00  Assimilator, Zealot x2  
  160  15:01  Zealot  
  166  15:09  Dark Templar  
  166  15:10  Stalker x2  
Show
View Real Time Build Order
Export as new Build Order

Artofwar Zerg 

Build Orders: Hatch First 

Get SALT Encoding   

  12  0:01  Drone  
  13  0:13  Overlord  
  13  0:18  Drone  
  14  0:39  Drone  
  15  0:47  Hatchery  
  14  0:54  Drone x2  
  16  1:13  Spawning Pool  
  16  1:15  Extractor  
  16  1:16  Drone  
  15  1:21  Drone  
  15  1:23  Drone  
  17  1:41  Drone  
  17  1:42  Drone  
  19  1:53  Drone  
  20  2:01  Queen x2  
  24  2:08  Drone x2  
  24  2:11  Zergling x2  
  24  2:15  Zergling x2  
  28  2:38  Metabolic Boost  
  28  2:44  Extractor  
  27  2:45  Drone  
  27  2:46  Overlord  
  27  2:47  Overlord  
  28  2:54  Roach Warren  
  27  3:16  Drone x3  
  27  3:17  Drone x6  
  36  3:41  Drone x2  
  36  3:44  Lair, Roach  
  36  3:45  Roach  
  42  3:52  Drone x2  
  42  3:54  Overlord  
  44  3:57  Extractor  
  44  4:00  Zergling x2  
  44  4:17  Spore Crawler  
  43  4:19  Spore Crawler  
  42  4:29  Zergling x2, Roach x2  
  42  4:30  Roach x3  
  48  4:40  Zergling x4, Roach x2  
  50  5:10  Drone x2  
  50  5:12  Glial Reconstitution  
  50  5:13  Overlord x3  
  52  5:32  Hatchery  
  51  5:45  Extractor  
  50  5:52  Hydralisk Den  
  50  5:53  Evolution Chamber  
  48  6:02  Evolution Chamber  
  47  6:19  Drone x2  
  47  6:20  Drone x4, Overlord  
  47  6:21  Overlord  
  47  6:24  Muscular Augments  
  53  6:26  Roach  
  55  6:35  Zerg Ground Armor Level 1, Zerg Missile Weapons Level 1  
  55  6:46  Hydralisk x2  
  57  6:47  Zergling x2  
  57  6:50  Roach  
  62  6:57  Queen  
  63  7:28  Drone x2  
  63  7:29  Drone x6  
  72  7:30  Drone x3  
  73  7:42  Zergling x6  
  72  7:47  Overseer  
  72  7:50  Zergling x2, Roach  
  72  7:51  Zergling x2  
  77  7:56  Zergling x4  
  69  8:04  Zergling x2  
  59  8:34  Hatchery  
  58  8:37  Spore Crawler  
  55  8:53  Overseer  
  55  9:09  Hatchery  
  54  9:18  Extractor  
  53  9:41  Drone x3  
  56  9:46  Zerg Missile Weapons Level 2  
  56  9:47  Zerg Ground Armor Level 2  
  56  9:59  Roach  
  62  10:00  Roach x2  
  59  10:19  Queen  
  60  10:35  Spire  
  60  10:42  Drone x3  
  62  10:43  Drone x3  
  62  10:44  Drone  
  66  11:10  Zergling x8, Roach x3  
  66  11:11  Roach  
  78  11:28  Spore Crawler  
  77  11:37  Queen  
  77  11:38  Ravager  
  77  11:39  Ravager  
  81  11:45  Overlord x2  
  81  11:46  Drone x2  
  81  11:47  Drone  
  84  11:48  Zergling x8  
  84  11:49  Overseer  
  77  12:12  Spire  
  65  12:31  Spore Crawler, Hydralisk x4, Roach  
  65  12:32  Hydralisk x2, Roach  
  65  12:33  Zergling x2, Roach  
  74  12:58  Spire  
  73  13:14  Hydralisk  
  73  13:15  Hydralisk x3, Roach x3  
  73  13:16  Roach x2  
  91  13:32  Mutalisk x2, Roach  
  84  13:48  Mutalisk x4  
  82  13:49  Mutalisk x2  
  92  14:09  Queen  
  92  14:10  Queen  
Show
View Real Time Build Order
Export as new Build Order

PlayerOne Terran 

Build Orders: Reaper Expand, Mech 

Get SALT Encoding   

  12  0:01  SCV  
  13  0:13  SCV  
  14  0:20  Supply Depot  
  14  0:25  SCV  
  15  0:41  SCV  
  16  0:43  Barracks  
  16  0:48  Refinery  
  16  0:53  SCV  
  17  1:23  SCV  
  18  1:33  Reaper  
  18  1:35  Orbital Command  
  19  1:54  Command Center  
  19  2:03  Supply Depot  
  19  2:04  SCV  
  20  2:14  Marine  
  21  2:16  SCV  
  22  2:23  Factory  
  22  2:28  SCV  
  23  2:39  Barracks Tech Lab  
  23  2:42  SCV  
  24  2:47  Refinery  
  24  2:54  SCV  
  24  2:57  Marine  
  25  3:04  Factory  
  25  3:06  SCV  
  25  3:07  Supply Depot  
  26  3:13  Orbital Command  
  26  3:18  SCV  
  27  3:35  Factory Reactor  
  27  3:38  Command Center  
  27  3:41  SCV  
  27  3:42  SCV  
  29  3:52  Marine  
  29  3:53  Factory Tech Lab  
  30  3:59  SCV x2  
  32  4:10  Marine  
  32  4:12  Supply Depot, Siege Tank  
  32  4:13  Concussive Shells, Refinery  
  34  4:32  Hellion x2  
  34  4:33  Marine  
  38  4:53  Hellion x2  
  38  4:58  Infernal Pre-Igniter  
  38  4:59  Siege Tank  
  45  5:13  SCV  
  46  5:25  SCV  
  47  5:30  Refinery  
  47  5:41  Refinery  
  47  5:43  SCV x2  
  47  5:48  Hellion x2  
  47  5:49  Marine, Siege Tank  
  56  5:56  Factory, Engineering Bay  
  57  5:58  Factory  
  57  5:59  Barracks  
  57  6:15  SCV x2  
  59  6:22  Supply Depot  
  59  6:27  SCV x2  
  59  6:29  Missile Turret  
  61  6:45  Building Armor  
  61  6:49  Armory, Factory Tech Lab x2  
  61  6:54  Barracks Reactor  
  61  6:55  Stimpack  
  61  6:58  SCV x2  
  63  7:05  Command Center  
  63  7:10  SCV x2  
  63  7:11  Missile Turret  
  63  7:14  Siege Tank  
  68  7:17  Supply Depot  
  68  7:19  Missile Turret  
  68  7:21  Supply Depot  
  68  7:27  Supply Depot  
  68  7:29  Missile Turret x2, Siege Tank  
  70  7:32  Supply Depot  
  42  8:21  Marine  
  42  8:22  Marine  
  27  9:08  Marine x3  
  27  9:09  Hellion  
  29  9:10  Hellion  
  29  9:21  Thor  
  35  9:27  SCV  
  36  10:29  Hellion  
  36  10:30  Hellion x2  
  34  11:01  Marine x3  
  34  11:02  Hellion x2  
  41  11:10  Missile Turret  
  41  11:26  Hellion x2  
  41  11:29  Terran Vehicle Weapons Level 1  
  45  11:36  Marine x2  
  43  12:18  Marine  
  43  12:19  Marine  
Tags
 
Add a new tag
Caveats
  • Supply blocks, unpowered buildings, or Contaminate may cause inaccurate times.
  • Supply counts are checked every 10 seconds.